 Dungeon Sprint DCSS version 0.28.0-62-gf88900778d (webtiles) character file.

Game seed: 3831708332861344562

4 123456 the Covered (level 1, -5/21 HPs)
             Began as a Deep Dwarf Fighter on May 4, 2023.
             Splashed by a jelly's acid (7 damage)
             ... in the Dungeon (Sprint IX: "|||||||||||||||||||||||||||||").
             The game lasted 00:00:12 (134 turns).

123456 the Covered (Deep Dwarf Fighter)              Turns: 134, Time: 00:00:12

Health: -5/21      AC: -5    Str: 19    XL:     1   Next: 58%
Magic:  1/1        EV:  9    Int:  8    God:
Gold:   0          SH:  4    Dex: 12    Spells: 0/0 levels left

rFire   . . .      SeeInvis .   a - +0 flail
rCold   . . .      Faith    .   c - +0 buckler
rNeg    . . .      Spirit   .   b - +0 scale mail
rPois   .          Reflect  .   (no helmet)
rElec   .          Harm     .   (no cloak)
rCorr   .          Rampage  .   (no gloves)
Will    .....      NoTele   +   (no boots)
Stlth   ..........              (no amulet)
HPRegen 0.00/turn               (no ring)
MPRegen 0.07/turn               (no ring)

@: corroded
A: damage resistance, heal wounds, sense surroundings 1, no regeneration
a: Heal Wounds


You were in the Dungeon.
You visited 1 branch

Inventory:

Hand Weapons
 a - a +0 flail (weapon)
Armour
 b - a +0 scale mail (worn)
 c - a +0 buckler (worn)
Scrolls
 j - a scroll of blinking
Potions
 d - a potion of might
 e - a potion of curing
 f - a potion of heal wounds
 g - a potion of haste
 h - 2 potions of magic
 i - a potion of berserk rage


   Skills:
 * Level 3.2 Fighting
 * Level 2.7 Maces & Flails
 + Level 3.6 Armour
 + Level 1.1 Dodging
 - Level 3.2 Shields


You couldn't memorise any spells.
You didn't know any spells.
Your spell library was empty.

Dungeon Overview and Level Annotations

Branches:
Dungeon (1/1)

Altars:


Innate Abilities, Weirdness & Mutations

You are resistant to damage.
You can heal yourself by infusing magical energy.
You passively map a small area around you.
You do not regenerate.


Message History

You barely miss the rat. The rat closely misses you.
You barely miss the rat. The rat bites you but does no damage.
You barely miss the rat. The rat bites you. You block the rat's attack.
You hit the rat.
You kill the rat!
You sock the rat!
You kill the rat!
No target in view!
No target in view!
No target in view!
No target in view!
No target in view!
Okay, then.
You start waiting.
Done waiting.
Items here: ( ) ††.
You open the door.
An ufetubus, an orc, a jelly and 2 skeletons come into view.
The ufetubus shouts!
The orc shouts!
The bat skeleton hits you but does no damage. x2
You hit the bat skeleton but do no damage.
You block the bat skeleton's attack. The bat skeleton closely misses you.
The bat skeleton hits you but does no damage.
You barely miss the jelly. You sock the jelly!
Your hands burn!
The jelly is heavily wounded.
The jelly hits you but does no damage. The jelly hits you.
The acid corrodes you!
You are splashed with acid.
You hit the jelly. The acid corrodes you!
Your hands burn!
The jelly is almost dead.
The jelly hits you. The acid corrodes you!
You are splashed with acid!
* * * LOW HITPOINT WARNING * * *
You hit the jelly but do no damage.
Your hands burn!
The jelly is almost dead.
You block the jelly's attack.
You hit the jelly but do no damage.
Your hands burn!
* * * LOW HITPOINT WARNING * * *
The jelly is almost dead.
The jelly barely misses you. The jelly hits you.
You are splashed with acid!
You die...

*
▓+▓,
* ▓.▓
* ,
▓Z▓
,*
▓Z▓,
, +
▓5▓,
* ▓o▓
*
▓J▓,*
* *
▓@▓,
▓.▓ ,
▓.▓ *
▓.▓,
,*,
▓)▓
,*
▓)▓ *
*
▓.▓,
▓.▓
,*
▓.▓ ,
,


You could see a jelly, an orc, an ufetubus, a bat skeleton and a ball python
skeleton.

Vanquished Creatures
  A goblin (D)
  A hobgoblin (D)
  A kobold (D)
  2 rats (D)
5 creatures vanquished.

Notes
Turn   | Place    | Note
-------+----------+-------------------------------------------
     0 | D        | 123456 the Deep Dwarf Fighter began the quest for the Orb.
     0 | D        | Reached XP level 1. HP: 20/20 MP: 1/1
    15 | D        | Reached skill level 1 in Dodging
   128 | D        | Noticed a jelly
   134 | D        | Splashed by a jelly's acid

Illustrated notes

Levels and vault maps discovered:
D:        linesprint [early_d, line_temple, items_1, d_10, items_2, lair_1,
          lair_end, items_3, orc_1, orc_end, items_4, d_15, swamp_1, shoals_1,
          snake_1, spider_1, d_20, vaults_1, items_5, swamp_end, shoals_end,
          snake_end, spider_end, vaults_end, d_27, items_6, zot_1, zot_end,
          crypt_end, forest_end, elf_end, slime_end, tomb_end, abyss_end,
          pan_hell_end]

Skill      XL: |  1 |
---------------+----+-----
Fighting       | 3 |  3.2
Dodging        | 1 |  1.1
Maces & Flails | |  2.7
Armour         | |  3.6
Shields        | |  3.2

Action                   || total
-------------------------++-------
Melee: Flail             ||    24
Armor: Scale mail        ||    14
Dodge: Dodged            ||     8
Block: Buckler           ||     3
